 Dungeon Crawl Stone Soup version 0.31-a0-1499-ge0622b2318 (webtiles) character file.

Game seed: 12863485463615406760

88 Persephone the Cudgeller (level 4, -8/37 HPs)
             Began as an Armataur Fighter on Dec 29, 2023.
             Blown up by Ijyb (17 damage)
             ... with a mindburst bolt
             ... on level 3 of the Dungeon.
             The game lasted 00:02:03 (1408 turns).

Persephone the Cudgeller (Armataur Fighter)         Turns: 1408, Time: 00:02:03

Health: -8/37      AC:  6    Str: 24    XL:     4   Next: 29%
Magic:  4/4        EV: 12    Int:  8    God:
Gold:   135        SH:  4    Dex:  9    Spells: 3/3 levels left

rFire   . . .        a - +0 flail
rCold   . . .        c - +0 buckler
rNeg    . . .        b - +0 scale mail
rPois   .            (no helmet)
rElec   .            (no cloak)
rCorr   .            (no gloves)
SInv    .            (no barding)
Will    .....        (no amulet) Stlth
                     f - +5 ring of evasion
HPRegen 0.26/turn    (no ring)
MPRegen 0.09/turn

%: roll
@: no status effects
A: large, deformed body, tough skin 3, armoured tail, roll 1
a: no special abilities


You were on level 3 of the Dungeon.
You visited 1 branch of the dungeon, and saw 3 of its levels.

You collected 135 gold pieces.

Inventory:

Hand Weapons
 a - a +0 flail (weapon)
Armour
 b - a +0 scale mail (worn)
 c - a +0 buckler (worn)
Jewellery
 f - a +5 ring of evasion (left hand)
Scrolls
 g - 3 scrolls of revelation {unknown}
 i - a scroll of vulnerability {unknown}
 j - a scroll of teleportation {unknown}
 k - a scroll of immolation {unknown}
Potions
 d - 2 potions of might
 h - a potion of heal wounds {unknown}
 l - a potion of mutation {unknown}
 m - a potion of invisibility {unknown}
 n - a potion of magic {unknown}


   Skills:
 - Level 2.6 Fighting
 + Level 4.2 Maces & Flails
 - Level 3.6 Armour
 - Level 3.2 Shields


You had 3 spell levels left.
You didn't know any spells.
Your spell library was empty.

Dungeon Overview and Level Annotations

Branches:
Dungeon (3/15)

Altars:

Shops:
D:3 :

Annotations:
D:3 Ijyb


Innate Abilities, Weirdness & Mutations

Armour fits poorly on your strangely shaped body.
You have extremely tough skin. (AC +3)
You have a long armoured tail.
You regenerate magic when rolling toward enemies. (Rampage MPRegen)


Message History

Ijyb barely misses you.
You thump Ijyb!
Your tail-slap misses Ijyb.
Ijyb is heavily wounded.
The bat hits you but does no damage. Ijyb completely misses you.
You closely miss Ijyb.
Ijyb is heavily wounded.
The bat closely misses you. Ijyb barely misses you. The bat barely misses you.
The frilled lizard closely misses you.
You sock Ijyb!
Ijyb is almost dead.
The bat hits you but does no damage. Ijyb hits you but does no damage.
The frilled lizard bites you. Ijyb hits you with a +0 club.
You hit Ijyb but do no damage. You tail-slap Ijyb, but do no damage.
Ijyb is almost dead.
The bat hits you but does no damage. The bat closely misses you.
The frilled lizard bites you but does no damage.
Ijyb closely misses you.
You closely miss Ijyb.
Ijyb is almost dead.
The bat hits you but does no damage.
The frilled lizard hisses.
The frilled lizard bites you. Ijyb hits you with a +0 club.
You hit Ijyb.
Ijyb is almost dead.
The bat barely misses you. The frilled lizard barely misses you.
Ijyb zaps a wand.
Your mind is blasted!
You block the bat's attack.
You hit Ijyb but do no damage.
Ijyb is almost dead.
The bat barely misses you. The frilled lizard misses you.
Ijyb zaps a wand.
Your mind is blasted!
* * * LOW HITPOINT WARNING * * *
The frilled lizard closely misses you. Ijyb hits you with a +0 club.
* * * LOW HITPOINT WARNING * * *
You barely miss Ijyb.
Ijyb is almost dead.
The bat barely misses you. x2
The frilled lizard bites you but does no damage.
Ijyb screams, "Me kill you!"
Ijyb zaps a wand.
Your mind is blasted!
You die...

#..##.....#
....#.#.# .#
.......# .#
#.#.#.##.# ..
!.####........####.#
?......<..#.........
#.####.##.........#.
#<......gl....###
∩..##..##b@.....#.
#.... ##...........)
.... #....).....##
... .............#
... .....?........#
.#.#..........#
#...#........#
######.......#
#.......#


You could see Ijyb, a bat and a frilled lizard.

Vanquished Creatures
  2 adders
  3 ribbon worms
  A dart slug (D:2)
  4 ball pythons
  4 endoplasms
  2 giant cockroaches
  3 goblins
  2 hobgoblins (D:1)
  4 quokkas
  6 bats
  3 frilled lizards
  6 kobolds
  5 rats
45 creatures vanquished.

Notes
Turn   | Place    | Note
-------+----------+-------------------------------------------
     0 | D:1      | Persephone the Armataur Fighter began the quest for the
                  | Orb.
     0 | D:1      | Reached XP level 1. HP: 18/18 MP: 1/1
    27 | D:1      | Reached skill level 2 in Maces & Flails
   135 | D:1      | Reached XP level 2. HP: 22/25 MP: 2/2
   394 | D:1      | Reached skill level 3 in Maces & Flails
   637 | D:2      | Reached XP level 3. HP: 30/30 MP: 3/3
  1031 | D:2      | Reached XP level 4. HP: 37/37 MP: 4/4
  1379 | D:3      | Found Akhlin's Book Boutique.
  1384 | D:3      | Reached skill level 4 in Maces & Flails
  1392 | D:3      | Noticed Ijyb
  1408 | D:3      | Blown up by Ijyb

Illustrated notes

Levels and vault maps discovered:
D:1:      wander_arrival_chamber, layout_rooms
D:2:      layout_loops_cross, grunt_decor_resistance, kennysheep_path_1
D:3:      layout_rooms, zin_scriptorium, serial_shops, shop,
          nicolae_shop_peninsula, nicolae_lakefront_shop, shop, shop,
          ebering_ghost_rock_garden, serial_glass, glass_columns_b,
          glass_columns_a, item_on_display_a, item_on_display_a,
          feat_on_display, minmay_strange_pillars, uniq_ijyb

Skill      XL: |  1  2  3  4 |
---------------+-------------+-----
Maces & Flails | 2 3 4 |  4.2
Fighting       | |  2.6
Armour         | |  3.6
Shields        | |  3.2

Action                     |  1- 3 |  4- 6 || total
---------------------------+-------+-------++-------
  Melee: Flail             |   125 |    20 ||   145
         Tailslap          |    17 |     1 ||    18
    Use: Scroll            |       |     1 ||     1
 Armour: Scale mail        |    85 |    22 ||   107
  Dodge: Dodged            |    77 |    25 ||   102
  Block: Buckler           |    22 |     4 ||    26

Table legend: (Time is in decaauts)
 A = Elapsed time spent in this place.
 B = Non-inter-level travel time spent in this place.
 C = Inter-level travel time spent in this place.
 D = Time resting spent in this place.
 E = Time spent auto-exploring this place.
 F = Levels seen in this place.
 G = Mean time per level.
                   A        B        C        D        E       F      G
               +--------+--------+--------+--------+--------+-----+--------+
         Total |   1446 |   1403 |     43 |      0 |   1096 |   3 |  482.0 |
       Dungeon |   1446 |   1403 |     43 |      0 |   1096 |   3 |  482.0 |
               +--------+--------+--------+--------+--------+-----+--------+

Top non-repeatable levels by time:
     D:2: 833 daAuts
     D:1: 579 daAuts
     D:3: 32 daAuts
